 Dungeon Crawl Stone Soup version 0.23-a0-449-g8e4cbf7 (webtiles) character file.

77 XanderDroid the Chopper (level 4, -5/40 HPs)
             Began as a Hill Orc Fighter on Nov 21, 2018.
             Slain by a gnoll
             ... wielding a +0 halberd of venom
              (11 damage)
             ... on level 2 of the Dungeon.
             The game lasted 00:03:27 (1238 turns).

XanderDroid the Chopper (Hill Orc Fighter)          Turns: 1238, Time: 00:03:27

Health: -5/40      AC: 12    Str: 19    XL:     4   Next: 33%
Magic:  4/4        EV:  3    Int:  8    God:
Gold:   70         SH:  9    Dex: 10    Spells: 3/3 levels left

rFire    . . .     SeeInvis .   a - +0 war axe
rCold    . . .     Gourm    .   c - +0 shield
rNeg     . . .     Faith    .   q - +0 plate armour
rPois    .         Spirit   .   (no helmet)
rElec    .         Reflect  .   g - +0 cloak (curse)
rCorr    .         Harm     .   (no gloves)
MR       .....                  (no boots)
Stlth    ..........             (no amulet)
HPRegen  0.13/turn              (no ring)
MPRegen  0.09/turn              (no ring)

@: no status effects
A: no striking features
a: no special abilities


You were on level 2 of the Dungeon.
You were not hungry.

You visited 1 branch of the dungeon, and saw 2 of its levels.

You collected 70 gold pieces.

Inventory:

Hand Weapons
 a - a +0 war axe (weapon)
 j - a +0 mace of holy wrath
Armour
 c - a +0 shield (worn)
 g - a cursed +0 cloak (worn)
 q - a +0 plate armour (worn)
Jewellery
 b - an uncursed ring of protection from fire {unknown}
Scrolls
 e - 2 scrolls of enchant weapon {unknown}
 l - a scroll of random uselessness {unknown}
 m - a scroll of identify {unknown}
 n - 2 scrolls of amnesia {unknown}
Potions
 d - a potion of might
 k - a potion of mutation {unknown}
 o - a potion of berserk rage {unknown}
 p - a potion of cancellation {unknown}
 r - a potion of invisibility {unknown}
 s - a potion of haste {unknown}
Comestibles
 f - 2 rations
 h - a chunk of flesh


   Skills:
 + Level 4.2 Fighting
 * Level 4.2 Axes
 + Level 3.8 Armour
 + Level 3.8 Shields


You had 3 spell levels left.
You didn't know any spells.
Your spell library was empty.

Dungeon Overview and Level Annotations

Branches:
Dungeon (2/15)

Altars:


Message History

You slash the gnoll!
You kill the gnoll!
You feel sick. You block the gnoll's attack.
You slash the gnoll!
The gnoll is heavily wounded.
You feel sick.
The gnoll hits you with a +0 halberd of venom!
* * * LOW HITPOINT WARNING * * *
You are lethally poisoned!
You barely miss the gnoll.
The gnoll is heavily wounded.
* * * LOW HITPOINT WARNING * * *
You feel sick.
The gnoll hits you with a +0 halberd of venom.
* * * LOW HITPOINT WARNING * * *
You are more poisoned.
It was a potion of curing.
You feel better.
The gnoll hits you with a +0 halberd of venom!
You die...

.........# ##.## ........## #.#
......### #.# ..)...# ##+##
......# ##...## #...#.#
##.....## ### # ##.#..#
##.......## ##.##.#
......####.........####...#.###
.........+......@g.'...†.......
......####.........####...####
.....## ##.......## ##.)#
.....# ##.....## ##.# ##.###
##...## .# #.# ######'## .# #.#
#...##.### .# #.# #........# .#
#.# ####.>.##.#.# .#


You could see a gnoll.

Vanquished Creatures
  2 gnolls (D:2)
  An ooze (D:2)
  2 worms (D:2)
  5 dart slugs (D:1)
  2 leopard geckos
  A giant cockroach (D:1)
  2 goblins
  6 hobgoblins
  3 jackals (D:1)
  2 kobolds (D:1)
  2 bats
  5 frilled lizards
  5 rats
38 creatures vanquished.

Notes
Turn   | Place    | Note
-------+----------+-------------------------------------------
     0 | D:1      | XanderDroid the Hill Orc Fighter began the quest for the
                  | Orb.
     0 | D:1      | Reached XP level 1. HP: 19/19 MP: 1/1
   273 | D:1      | Reached XP level 2. HP: 25/27 MP: 2/2
   527 | D:1      | Reached XP level 3. HP: 29/33 MP: 3/3
  1215 | D:2      | Reached XP level 4. HP: 40/40 MP: 4/4
  1237 | D:2      | HP: 1/40 [gnoll/+0 halberd of venom (3)]
  1238 | D:2      | Slain by a gnoll

Vault maps used:
D:1:      roderic_chinese_lattice_arrival, st_stairs_4
D:2:      minmay_quadrilaterals, uniq_sigmund

Skill      XL: |  1  2  3 |
---------------+----------+-----
Axes           | 3 4 |  4.2
Fighting       | 4 |  4.2
Armour         | |  3.8
Shields        | |  3.8

Action                   |  1- 3 |  4- 6 || total
-------------------------+-------+-------++-------
Melee: War axe           |   123 |    10 ||   133
  Use: Potion            |       |     1 ||     1
  Eat: Chunk             |     1 |       ||     1
Armor: Scale mail        |    46 |       ||    46
       Plate armour      |    30 |     8 ||    38
Dodge: Dodged            |    31 |     1 ||    32
Block: Shield            |    74 |     5 ||    79

Table legend:
 A = Non-vault XP
 B = Vault XP
 C = Vault XP percentage of total XP
 D = Non-vault monster count
 E = Vault monster count
 F = Vault count percentage of total count
                 A         B        C        D         E       F
            +---------+---------+-------+---------+---------+-------
      Total |      92 |      18 |  16.4 |      29 |       9 |  23.7
            +---------+---------+-------+---------+---------+-------
        D:1 |      39 |       8 |  17.0 |      17 |       4 |  19.0
        D:2 |      53 |      10 |  15.9 |      12 |       5 |  29.4
            +---------+---------+-------+---------+---------+-------
